 Dungeon Crawl Stone Soup version 0.15-a0-411-g153a95e (webtiles) character file.

298 thrio the Shield-Bearer (level 5, -3/47 HPs)
             Began as a Minotaur Fighter on May 4, 2014.
             Was an Initiate of Okawaru.
             Shot with an arrow of frost by a centaur (7 damage)
             ... on Level 3 of the Dungeon.
             The game lasted 00:10:04 (2547 turns).

thrio the Shield-Bearer (Minotaur Fighter)          Turns: 2547, Time: 00:10:06

HP  -3/47        AC  8     Str 21      XL: 5   Next: 35%
MP   0/2         EV  7     Int  5      God: Okawaru [......]
Gold 116         SH 19     Dex 10      Spells:  0 memorised,  4 levels left

rFire  . . .     SeeInvis .     a - +0 long sword
rCold  . . .     Clarity  .     b - +0 scale mail
rNeg   . . .     Conserve .     i - +0 shield
rPois  .         rCorr    +     j - +0 hat {Spirit}
rElec  .         rRot     .     (no cloak)
SustAb . .       Spirit   +     (no gloves)
rMut   .         Warding  .     r - +0 pair of boots
Saprov . . .     Stasis   .     t - amulet of resist corrosion
MR     .....                    (no ring)
                                (no ring)

@: not resistant to hostile enchantments, extremely unstealthy
A: retaliatory headbutt, horns 2
a: Renounce Religion


You were on level 3 of the Dungeon.
You worshipped Okawaru.
Okawaru was noncommittal.
You were not hungry.

You visited 1 branch of the dungeon, and saw 3 of its levels.

You collected 116 gold pieces.

Inventory:

Hand weapons
 a - a +0,+0 long sword (weapon)
Armour
 b - a +0 scale mail (worn)
 c - a +0 shield
 i - a +0 shield (worn)
 j - a +0 hat of spirit shield (worn)
 r - a +0 pair of boots (worn)
Comestibles
 d - 2 bread rations
 l - a banana
 n - 2 meat rations
Scrolls
 f - 2 scrolls of random uselessness
 g - a scroll of blinking {unknown}
 k - a scroll of noise
 m - a scroll of remove curse
 s - a scroll of recharging {unknown}
Jewellery
 t - an amulet of resist corrosion (around neck)
Potions
 e - a potion of might
 h - 5 potions of curing {unknown}
 o - a potion of heal wounds {unknown}
 q - a potion of invisibility {unknown}


   Skills:
 * Level 4.6 Fighting
 * Level 4.0 Long Blades
 + Level 4.4 Armour
 + Level 1.5 Dodging
 + Level 4.7 Shields


You had 4 spell levels left.
You didn't know any spells.

Dungeon Overview and Level Annotations

Branches:
Dungeon (3/15)

Altars:
Ashenzari
Okawaru
Xom


Innate Abilities, Weirdness & Mutations

You reflexively headbutt those who attack you in melee.
You have a pair of horns on your head.


Message History

The centaur shoots an arrow of frost.
You block the arrow of frost.
You see here an arrow of frost.
The centaur shoots an arrow of frost.
The arrow of frost hits you. The arrow of frost freezes you.
You see here an arrow of frost.
Eat which item? (? for menu, Esc to quit)
The centaur shoots an arrow of frost.
The arrow of frost hits you. The arrow of frost freezes you.
You continue eating.
The centaur shoots an arrow of frost.
You block the arrow of frost.
The centaur shoots an arrow of frost.
The arrow of frost hits you! The arrow of frost freezes you.
You continue eating.
The centaur shoots an arrow of frost.
The arrow of frost hits you!
* * * LOW HITPOINT WARNING * * *
The arrow of frost freezes you.
* * * LOW HITPOINT WARNING * * *
You continue eating.
The centaur shoots an arrow of frost.
The arrow of frost hits you!
You die...

#.........# #......c..#
#.........###
#.........>.. #........#
#(##'#.# #.##.#.#
#.#(##.#.# #.#@...#'####
###'#####.....#
#.......'.....# ###
#......##.....# #<####
#.....)###'######.....
#.#......###.##.........
#.'......'....'.........
###......###.##.........
########...........###


You could see a centaur.

Vanquished Creatures
  An orc priest (D:3)
  7 adders
  A worm (D:3)
  2 giant geckos (D:1)
  10 orcs (D:3)
  8 giant cockroaches
  7 hobgoblins
  7 kobolds
  A quokka (D:2)
  12 bats
  5 giant newts
  5 goblins
  8 rats
74 creatures vanquished.

Notes
Turn   | Place    | Note
--------------------------------------------------------------
     0 | D:1      | thrio, the Minotaur Fighter, began the quest for the Orb.
     0 | D:1      | Reached XP level 1. HP: 19/19 MP: 1/1
   213 | D:1      | Reached XP level 2. HP: 22/27 MP: 1/1
   249 | D:1      | Reached skill level 4 in Shields
   566 | D:1      | Reached XP level 3. HP: 33/33 MP: 2/2
   749 | D:2      | Reached skill level 1 in Dodging
   831 | D:2      | Found a shimmering altar of Xom.
  1364 | D:2      | Reached XP level 4. HP: 40/40 MP: 2/2
  2152 | D:3      | Found a shattered altar of Ashenzari.
  2152 | D:3      | Found an iron altar of Okawaru.
  2161 | D:3      | Became a worshipper of Warmaster Okawaru
  2366 | D:3      | Reached XP level 5. HP: 47/47 MP: 2/2
  2539 | D:3      | Noticed a centaur
  2547 | D:3      | Shot with an arrow of frost by a centaur

Action                   |  1- 3 |  4- 6 || total
-------------------------+-------+-------++-------
Melee: Long sword        |   105 |    75 ||   180
  Use: Scroll            |       |     5 ||     5
